 Dungeon Crawl Stone Soup version 0.17.0-26-gececa24 (console) character file.

356 jw the Sneak (level 6, -4/64 HPs)
             Began as an Octopode Berserker on Nov 19, 2015.
             Was a Priest of Trog.
             Shot with an arrow by a centaur (7 damage)
             ... on level 4 of the Dungeon.
             The game lasted 00:11:01 (3634 turns).

jw the Sneak (Octopode Berserker)                   Turns: 3634, Time: 00:11:01

Health: -4/64      AC:  4    Str: 21    XL:     6   Next: 63%
Magic:  2/2        EV: 12    Int:  9    God:    Trog [***...]
Gold:   169        SH:  0    Dex: 20    Spells: 0 memorised, 5 levels left

rFire  . . .     SeeInvis .     b - +1 dagger (antimagic)
rCold  . . .     Clarity  .     (no shield)
rNeg   . . .     SustAt   .     (helmet restricted)
rPois  .         Gourm    .     (no amulet)
rElec  .         Spirit   .     i - +3 ring of protection
rCorr  .         Warding  .     l - +6 ring of dexterity
rMut   .         Stasis   .     m - -3 ring of evasion (curse)
MR     .....                    (no ring)
Stlth  ..........               (no ring)
                                (no ring)
                                (no ring)
                                (no ring)

@: berserking, very quick, not resistant to hostile enchantments, extremely
unstealthy
A: almost no armour, amphibious, 8 rings, constrict 8, camouflage 1, gelatinous
body 1
a: Berserk, Trog's Hand, Burn Spellbooks, Renounce Religion


You were on level 4 of the Dungeon.
You worshipped Trog.
Trog was most pleased with you.
You were hungry.

You visited 1 branch of the dungeon, and saw 4 of its levels.

You collected 169 gold pieces.

Inventory:

Hand Weapons
 b - a +1 antimagic dagger (weapon)
Missiles
 a - 19 poisoned needles
 d - 83 stones (quivered)
 k - 5 needles of confusion
Jewellery
 i - a +3 ring of protection (left tentacle)
 l - a +6 ring of dexterity (right tentacle)
 m - a cursed -3 ring of evasion (on tentacle)
Wands
 f - a wand of random effects (18)
Scrolls
 e - 3 scrolls of identify
Comestibles
 c - 3 meat rations
 g - 4 bread rations
 h - a beef jerky


   Skills:
 + Level 3.9 Fighting
 * Level 4.7 Short Blades
 + Level 2.1 Throwing
 + Level 3.7 Dodging
 * Level 4.7 Stealth


You had 5 spell levels left.
You didn't know any spells.

Dungeon Overview and Level Annotations

Branches:
Dungeon (4/15)
 Temple: D:4-7

Altars:
Ashenzari
Dithmenos
Fedhas
Sif Muna
Trog
Zin


Innate Abilities, Weirdness & Mutations

You cannot wear most types of armour.
You are amphibious.
You can wear up to eight rings at the same time.
You can use your tentacles to constrict eight enemies at once.
Your skin changes colour to match your surroundings (Stealth).
Your rubbery body absorbs attacks (AC +1).


Message History

The bush is moderately damaged.
The centaur shoots an arrow.
The arrow hits you.
ATTACK MOVE TO (1,0)
You hit the bush.
The bush is moderately damaged.
The centaur unwields an uncursed shortbow.
The centaur hits the bush but does no damage.
ATTACK MOVE TO (1,0)
You hit the bush. You squeeze the bush!
The bush is heavily damaged.
ATTACK MOVE TO (1,0)
You hit the bush but do no damage.
The bush is heavily damaged.
The centaur hits the bush.
ATTACK MOVE TO (1,0)
You hit the bush. You squeeze the bush.
The bush is heavily damaged.
The centaur wields an uncursed shortbow.
The centaur shoots an arrow.
The arrow hits you!
You die...

.....###.# .....# #.#
.....# #.# ### .....#
#.# ##.. .....# #.#
#..P .....#
#.#######.PP P ....?#
#.........PP_P #
###.....?...PcP
##>#..........xPPP.P.
.............((........
###.#............##.#..
# #.....(......# ..
#............# .
#...########## #...#
#####


You could see a centaur.

Table legend:
 A = Turns spent in this place as a percentage of turns spent in the entire game.
 B = Non-inter-level travel turns spent in this place as a percentage of non-inter-level travel turns spent in the entire game.
 C = Inter-level travel turns spent in this place as a percentage of turns spent in this place.
 D = Turns resting spent in this place as a percentage of non-inter-level travel turns spent in this place.
 E = Turns spent auto-exploring this place as a percentage of non-inter-level travel turns spent in this place.
 F = Non-inter-level travel turns spent in this place divided by the number of levels of this place that you've seen.
                   A       B       C       D       E      F
               +-------+-------+-------+-------+-------+----------------------
         Total | 100.0 | 100.0 |   0.4 |   0.8 |   2.5 | 1315.8
       Dungeon | 100.0 | 100.0 |   0.4 |   0.8 |   2.5 | 1315.8
               +-------+-------+-------+-------+-------+----------------------

Table legend:
 A = Kills in this place as a percentage of kills in entire the game.
 B = Kills by you in this place as a percentage of kills by you in the entire game.
 C = Kills by friends in this place as a percentage of kills by friends in the entire game.
 D = Other kills in this place as a percentage of other kills in the entire game.
 E = Experience gained in this place as a percentage of experience gained in the entire game.
 F = Experience gained in this place divided by the number of levels of this place that you have seen.
                   A       B       C       D       E      F
               +-------+-------+-------+-------+-------+----------------------
         Total | 100.0 | 100.0 |  -nan |  -nan | 100.0 | 127.2
       Dungeon | 100.0 | 100.0 |  -nan |  -nan | 100.0 | 127.2
               +-------+-------+-------+-------+-------+----------------------

Vanquished Creatures
  Sigmund (D:2)
  The ghost of gw the Twirler, a weakling DrGl (D:3)
  Ijyb (D:2)
  Natasha (D:2)
  An adder (D:2)
  2 oozes (D:3)
  2 worms
  5 giant geckos
  6 orcs (D:3)
  9 bats
  4 giant cockroaches
  4 hobgoblins
  9 kobolds
  2 quokkas
  2 ball pythons
  3 giant newts
  10 goblins
  7 jackals
  6 rats
76 creatures vanquished.

Notes
Turn   | Place    | Note
--------------------------------------------------------------
     0 | D:1      | jw the Octopode Berserker began the quest for the Orb.
     0 | D:1      | Reached XP level 1. HP: 16/16 MP: 1/1
   293 | D:1      | Reached XP level 2. HP: 21/21 MP: 2/2
   359 | D:1      | Reached skill level 1 in Stealth
   414 | D:1      | Reached skill level 1 in Throwing
   566 | D:1      | Reached ** piety under Trog
  1053 | D:2      | Reached XP level 3. HP: 23/26 MP: 3/3
  1226 | D:2      | Noticed Sigmund
  1235 | D:2      | Killed Sigmund
  1235 | D:2      | Reached skill level 4 in Short Blades
  1235 | D:2      | Reached XP level 4. HP: 32/32 MP: 4/4
  1235 | D:2      | Reached XP level 5. HP: 36/36 MP: 5/5
  1532 | D:2      | Noticed Ijyb
  1555 | D:2      | Killed Ijyb
  1555 | D:2      | Reached XP level 6. HP: 35/42 MP: 2/6
  1837 | D:2      | Noticed Natasha
  1845 | D:2      | Killed Natasha
  2127 | D:2      | Found a shattered altar of Ashenzari.
  2387 | D:3      | Noticed gw's ghost (weakling DrGl)
  2431 | D:3      | Killed gw's ghost
  2906 | D:3      | Found a glowing silver altar of Zin.
  3124 | D:3      | Reached *** piety under Trog
  3331 | D:3      | Found a bloodstained altar of Trog.
  3331 | D:3      | Found a deep blue altar of Sif Muna.
  3331 | D:3      | Found a shadowy altar of Dithmenos.
  3621 | D:4      | Found a blossoming altar of Fedhas.
  3630 | D:4      | HP: 2/64 [centaur/arrow (4)]
  3634 | D:4      | Shot with an arrow by a centaur

Action                   |  1- 3 |  4- 6 || total
-------------------------+-------+-------++-------
Melee: Short sword       |    37 |    10 ||    47
       Dagger            |       |    86 ||    86
Throw: Stone             |    42 |    74 ||   116
Invok: Berserk           |     1 |     1 ||     2
       Trog's Hand       |     1 |       ||     1
Evoke: Wand              |       |     4 ||     4
  Use: Scroll            |     4 |     4 ||     8
       Potion            |     1 |     2 ||     3
 Stab: Sleeping          |     4 |     4 ||     8
  Eat: Chunk             |     1 |     8 ||     9

Vault maps used:
D:1:      dpeg_arrival_three_smaller_balls
D:2:      nicolae_overflow_hidden_temple, uniq_iyjb, uniq_sigmund, uniq_natasha
D:3:      gammafunk_temple_overflow_claw, first_bread, lemuel_statue_altar
D:4:      kennysheep_spiral_hall, grunt_ministairs_10,
          fedhas_bush_and_centaur_altar
